 Dungeon Crawl Stone Soup version 0.21.0-3-g78d12a8 (webtiles) character file.

327 Megalobster the Sneak (level 6, -2/28 HPs)
             Began as a Spriggan Enchanter on Jan 12, 2018.
             Was a Follower of Yredelemnul.
             Slain by an orc priest (5 damage)
             ... on level 3 of the Dungeon on Jan 13, 2018.
             The game lasted 00:20:29 (7009 turns).

Megalobster the Sneak (Spriggan Enchanter)          Turns: 7009, Time: 00:20:30

Health: -2/28      AC:  2    Str:  4    XL:     6   Next: 24%
Magic:  3/13       EV: 20    Int: 19    God:    Yredelemnul [*.....]
Gold:   100        SH:  0    Dex: 16    Spells: 4/13 levels left

rFire    + . .     SeeInvis +   a - +1 dagger
rCold    x . .     Gourm    .   (shield restricted)
rNeg     . . .     Faith    .   b - +0 robe
rPois    .         Spirit   .   (helmet restricted)
rElec    .         Reflect  .   (no cloak)
rCorr    .         Harm     .   (gloves unavailable)
MR       +....                  (boots unavailable)
Stlth    ++++......             (no amulet)
HPRegen  0.09/turn              e - ring of fire
MPRegen  0.13/turn              (no ring)

@: very slightly contaminated, very quick
A: very small, unfitting armour, see invisible, herbivore, speed 3, slow
metabolism 2
a: Animate Remains, Renounce Religion


You were on level 3 of the Dungeon.
You worshipped Yredelemnul.
Yredelemnul was aware of your devotion.
You were not hungry.

You visited 2 branches of the dungeon, and saw 5 of its levels.

You collected 100 gold pieces.

Inventory:

Hand Weapons
 a - a +1 dagger (weapon)
Armour
 b - a +0 robe (worn)
Jewellery
 e - a ring of fire (left hand)
 o - an uncursed ring of protection from magic {unknown}
Wands
 t - a wand of acid (8)
Scrolls
 g - a scroll of remove curse {@r2}
 k - a scroll of amnesia
 n - a scroll of enchant weapon
 p - a scroll of immolation {unknown}
 q - a scroll of teleportation {unknown}
 s - a scroll of magic mapping {unknown}
Potions
 f - a potion of flight
 h - 3 potions of mutation
 i - a potion of heal wounds
 j - a potion of might
 l - 2 potions of curing {@q1}
 m - 3 potions of magic
 r - a potion of agility {unknown}
Books
 c - a book of Maledictions

   Spells                             Type                      Level
   a - Corona                         Hexes                        1
   b - Ensorcelled Hibernation        Hexes/Ice                    2
   c - Confuse                        Hexes                        3
   d - Tukima's Dance                 Hexes                        3
   e - Dazzling Spray                 Conjuration/Hexes            3
Comestibles
 d - a ration


   Skills:
 + Level 2.0 Short Blades
 + Level 4.5 Dodging
 * Level 6.8 Stealth
 * Level 4.1 Spellcasting
 + Level 4.5 Hexes
 * Level 2.5 Invocations


You had 4 spell levels left.
You knew the following spells:

 Your Spells              Type           Power        Failure   Level  Hunger
a - Corona                Hex            ###....      1%          1    None
b - Ensorcelled Hibernat  Hex/Ice        ##....       9%          2    ##.....
c - Confuse               Hex            ###.....     6%          3    ###....
d - Tukima's Dance        Hex            ###.....     6%          3    ###....


Dungeon Overview and Level Annotations

Branches:
Dungeon (4/15)             Temple (1/1) D:4

Altars:
Ashenzari
Cheibriados
Kikubaaqudgha
Makhleb
Qazlal
Sif Muna
Trog
Vehumet
Wu Jian
Xom
Yredelemnul
The Shining One

Shops:
D:4 [:[


Innate Abilities, Weirdness & Mutations

You are very small and have problems with some larger weapons.
You are too small for most types of armour.
You have supernaturally acute eyesight. (SInv)
You are a herbivore.
You cover ground extremely quickly.
You need consume almost no food.


Message History

The orc priest is moderately wounded.
The orc priest mumbles some strange prayers to Beogh against you.
You resist with significant effort. The orc wizard hits you.
* * * LOW HITPOINT WARNING * * *
You take 1 damage, and have 3/28 hp.
You hit the orc priest but do no damage.
The orc priest is moderately wounded.
The orc priest barely misses you. The orc wizard barely misses you.
You hit the orc priest.
The orc priest is moderately wounded.
The orc priest looks braver for a moment.
The orc wizard completely misses you.
You hit the orc priest.
The orc priest is heavily wounded.
The orc priest misses you. The orc wizard barely misses you.
You hit the orc priest but do no damage.
The orc priest is heavily wounded.
The orc priest hits you.
You die...
Your body rises from the dead as a mindless zombie.

###### ....<# .##### .#
#####################
...............o@o..#
#########.#########.#
#.........#.#
########.#######.#.#
##............###.#.#######
.#............#...........#
†#........................#
.########.###.#...........#
.### #.# #.#...........#


You could see an orc priest and an orc wizard.

Vanquished Creatures
  An ogre (D:4)
  A scorpion (D:4)
  Terence (D:2)
  An iguana (D:4)
  4 adders
  2 oozes
  4 worms
  3 dart slugs
  6 orcs (D:3)
  6 giant cockroaches
  13 goblins
  5 hobgoblins
  3 jackals (D:1)
  6 kobolds
  A ball python (D:3)
  9 bats
  5 frilled lizards
  12 rats
83 creatures vanquished.

Vanquished Creatures (collateral kills)
  Robin (D:4)
  2 orcs
  A goblin (D:3)
4 creatures vanquished.

Vanquished Creatures (others)
  2 dancing weapons
2 creatures vanquished.

Grand Total: 89 creatures vanquished

Notes
Turn   | Place    | Note
-------+----------+-------------------------------------------
     0 | D:1      | Megalobster the Spriggan Enchanter began the quest for the Orb.
     0 | D:1      | Reached XP level 1. HP: 9/9 MP: 5/5
   666 | D:1      | Reached XP level 2. HP: 13/13 MP: 6/6
   673 | D:1      | Learned a level 2 spell: Ensorcelled Hibernation
   910 | D:1      | Reached skill level 5 in Stealth
  1503 | D:1      | Reached XP level 3. HP: 8/16 MP: 8/8
  1929 | D:2      | Found a basalt altar of Yredelemnul.
  1949 | D:2      | Became a worshipper of Yredelemnul the Dark
  1957 | D:2      | Learned a level 3 spell: Confuse
  1973 | D:2      | Found a snail-covered altar of Cheibriados.
  2473 | D:2      | Found a glowing golden altar of the Shining One.
  3082 | D:2      | Noticed Terence
  3093 | D:2      | Killed Terence
  3093 | D:2      | Reached skill level 1 in Invocations
  3093 | D:2      | Reached XP level 4. HP: 21/21 MP: 10/10
  3173 | D:2      | Found a faded altar of an unknown god.
  3180 | D:2      | Reached * piety under Yredelemnul
  3447 | D:3      | Learned a level 3 spell: Tukima's Dance
  3804 | D:3      | Reached skill level 6 in Stealth
  4546 | D:3      | Reached XP level 5. HP: 17/24 MP: 11/11
  4800 | D:4      | Found a staircase to the Ecumenical Temple.
  4806 | Temple   | Entered the Ecumenical Temple
  5140 | D:4      | Found Disoim's Book Shop.
  5141 | D:4      | Found Vikael's Antique Armour Emporium.
  5184 | D:4      | Noticed Robin
  5545 | D:4      | Found Kusisk's Armour Boutique.
  5845 | D:4      | Killed Robin
  6037 | D:4      | Noticed an ogre
  6059 | D:4      | Killed an ogre
  6059 | D:4      | Reached XP level 6. HP: 28/28 MP: 3/13
  7009 | D:3      | Slain by an orc priest

Skill      XL: |  1  2  3  4  5 |
---------------+----------------+-----
Stealth        | 5 6 |  6.8
Spellcasting   | 3 4 |  4.1
Hexes          | 4 |  4.5
Invocations    | 1 2 |  2.5
Dodging        | 4 |  4.5
Short Blades   | 2 |  2.0

Action                   |  1- 3 |  4- 6 || total
-------------------------+-------+-------++-------
Melee: Dagger            |   122 |   224 ||   346
 Cast: Ensorcelled Hiber |    16 |    32 ||    48
       Tukima's Dance    |       |    12 ||    12
       Confuse           |       |    12 ||    12
  Use: Scroll            |     2 |     6 ||     8
 Stab: Sleeping          |    21 |    20 ||    41
       Distracted        |     1 |       ||     1
       Confused          |       |     3 ||     3
  Eat: Ration            |       |     4 ||     4
Armor: Robe              |    10 |    13 ||    23
Dodge: Dodged            |    73 |   201 ||   274
